 Dungeon Crawl Stone Soup version 0.19.0-11-g3fc08b3 (webtiles) character file.

70 MovingMist the Skirmisher (level 4, -13/40 HPs)
             Began as a Draconian Abyssal Knight on Nov 10, 2016.
             Was a Believer of Lugonu.
             Mangled by Philosophy's ghost (17 damage)
             ... on level 3 of the Dungeon.
             The game lasted 00:04:34 (1679 turns).

MovingMist the Skirmisher (DrAK)                    Turns: 1679, Time: 00:04:35

Health: -13/40     AC:  5    Str: 14    XL:     4   Next: 3%
Magic:  6/6        EV: 13    Int: 12    God:    Lugonu [**....]
Gold:   108        SH:  0    Dex: 12    Spells: 0 memorised, 3 levels left

rFire  . . .     SeeInvis .     f - +3 spear (pierce)
rCold  . . .     Gourm    .     (armour unavailable)
rNeg   . . .     Faith    .     (no shield)
rPois  .         Spirit   .     (helmet restricted)
rElec  .         Reflect  .     (no cloak)
rCorr  .         Harm     .     (no gloves)
MR     .....                    (no boots)
Stlth  +.........               (no amulet)
                                (no ring)
                                (no ring)

@: no status effects
A: unfitting armour, cold-blooded, AC +5
a: Depart the Abyss, Bend Space, Renounce Religion


You were on level 3 of the Dungeon.
You worshipped Lugonu.
Lugonu was pleased with you.
You were hungry.

You visited 1 branch of the dungeon, and saw 3 of its levels.
You visited the Abyss 1 time.

You collected 108 gold pieces.

Inventory:

Hand Weapons
 f - a +3 spear of piercing (weapon)
Scrolls
 a - a scroll of remove curse {unknown}
 d - 2 scrolls of enchant armour {unknown}
 g - a scroll of noise {unknown}
 j - a scroll of fear {unknown}
 k - a scroll of amnesia {unknown}
Potions
 c - a potion of might {unknown}
 e - 3 potions of curing {unknown}
 h - 2 potions of mutation {unknown}
 i - a potion of flight {unknown}
Comestibles
 b - 2 bread rations
 l - a chunk of flesh


   Skills:
 + Level 3.7 Fighting
 + Level 2.5 Polearms
 + Level 3.1 Dodging
 * Level 2.7 Invocations


You had 3 spell levels left.
You didn't know any spells.

Dungeon Overview and Level Annotations

Branches:
Dungeon (3/15)

Altars:

Annotations:
D:3 Philosophy's ghost, amateur CeHu


Innate Abilities, Weirdness & Mutations

Your plain brown scales are hard. (AC +5)
You cannot fit into any form of body armour.
You are cold-blooded and may be slowed by cold attacks.


Message History

Philosophy's ghost hits you!
You hit Philosophy's ghost.
You tail-slap Philosophy's ghost, but do no damage.
Philosophy's ghost is lightly damaged.
Philosophy's ghost barely misses you.
You barely miss Philosophy's ghost.
Your tail-slap misses Philosophy's ghost.
Philosophy's ghost is lightly damaged.
Philosophy's ghost hits you!
* * * LOW HITPOINT WARNING * * *
Philosophy's ghost misses you.
Found a robe.
Philosophy's ghost hits you!
* * * LOW HITPOINT WARNING * * *
Found an escape hatch in the floor.
Found a stone staircase leading down.
There is an escape hatch in the floor here.
You can't go up here!
Unknown command.
Philosophy's ghost hits you!
You die...

#..##.##)###
#..#.....###.#
#............+
#.##..#.###.##
#[..###...
#.#.# ###.# #.#
#.# .#
#...#.#####.#.#
#>.[W@.......
#.#.####....#
#.#.. ### # ###


You could see Philosophy's ghost.

Vanquished Creatures
  An adder (D:2)
  An ooze (D:1)
  An adder zombie (D:1)
  2 dart slugs
  A leopard gecko (D:1)
  An orc (D:3)
  7 giant cockroaches
  2 goblins
  7 hobgoblins
  4 kobolds
  2 quokkas (D:2)
  5 bats
  4 frilled lizards
  A giant cockroach zombie (D:1)
  5 rats
44 creatures vanquished.

Notes
Turn   | Place    | Note
-------+----------+-------------------------------------------
     0 | Abyss:1  | MovingMist the Draconian Abyssal Knight began the quest for the Orb.
     0 | Abyss:1  | Reached XP level 1. HP: 19/19 MP: 2/2
     5 | D:1      | Escaped the Abyss
   159 | D:1      | Reached XP level 2. HP: 26/26 MP: 3/3
   390 | D:1      | Reached ** piety under Lugonu
   561 | D:1      | Reached XP level 3. HP: 30/31 MP: 4/4
  1588 | D:2      | Reached XP level 4. HP: 36/40 MP: 4/6
  1665 | D:3      | Noticed Philosophy's ghost (amateur CeHu)
  1679 | D:3      | Mangled by Philosophy's ghost

Skill      XL: |  1  2  3 |
---------------+----------+-----
Dodging        | 3 |  3.1
Fighting       | |  3.7
Polearms       | |  2.5
Invocations    | |  2.7

Action                   |  1- 3 |  4- 6 || total
-------------------------+-------+-------++-------
Melee: Spear             |   130 |     8 ||   138
       Tailslap          |     5 |     2 ||     7
Invok: Bend Space        |       |     1 ||     1
 Stab: Sleeping          |     1 |     1 ||     2
  Eat: Chunk             |     2 |       ||     2
Armor: Skin              |    25 |     1 ||    26
Dodge: Dodged            |    66 |     4 ||    70
